Cogmind - Beta 12 @@@ ROGUE MODE // 2024.01.17 @ 12:27:39 Player: UberDoot Result: Destroyed by D-53 Grenadier with Mini Grenade Launcher Performance ------------- Evolutions (0) 0 Regions Visited (2) 400 Robots Destroyed (23) 115 Value Destroyed (494) 494 Prototype IDs (0) 0 Alien Tech Used (0) 0 Bonus (35) 35 TOTAL SCORE: 1044 Bonus ------- Follower Combat Kills 35 Cogmind --------- Core Integrity 0/250 Matter 258/300 Energy 68/100 System Corruption 1% Temperature Cool (0) Movement Hovering (240) Ox3 Location -10/Mines Parts ------- > --- POWER (1) -------- (None) > --- PROPULSION (2) --- Hover Unit > --- UTILITY (2) ------ Large Storage Unit Core Shielding > --- WEAPON (2) ------- Light Assault Rifle Mini Grenade Launcher > --- INVENTORY (15) --- Ion Engine Light Treads Light Treads Carbon-fiber Leg Hover Unit Hover Unit Improved Heat Sink Medium Storage Unit Sensor Array Signal Interpreter Small Laser Beam Cannon Hammer Peak State ------------ > --- POWER ------------ Ion Engine > --- PROPULSION ------- Aluminum Leg Carbon-fiber Leg > --- UTILITY ---------- Improved Heat Sink Large Storage Unit > --- WEAPON ----------- Beam Cannon Light Assault Rifle > --- INVENTORY -------- Ion Engine Light Treads Light Treads Hover Unit Hover Unit Hover Unit Hover Unit Medium Storage Unit Sensor Array Signal Interpreter Core Shielding Small Laser Mini Grenade Launcher Mini Grenade Launcher Mining Claw [Rating: 12] Favorites ----------- Power Ion Engine Engine Ion Engine Propulsion Aluminum Leg Leg Aluminum Leg Hover Unit Hover Unit Utility Large Storage Unit Device Heat Sink Storage Large Storage Unit Protection Core Shielding Weapon Beam Cannon Energy Gun Small Laser Energy Cannon Beam Cannon Ballistic Gun Light Assault Rifle Launcher Mini Grenade Launcher Special Melee Weapon Datajack Build | -11 -10 -10 ------- Run | Jun Mat Min Slots Evolved . | . . . Power . | . . . Propulsion . | . . . Utility . | . . . Weapon . | . . . Parts Attached 34 | 8 18 8 Power 3 | 1 2 . Engine 3 | 1 2 . Core . | . . . Reactor . | . . . Propulsion 10 | 2 4 4 Treads . | . . . Leg 8 | 2 4 2 Wheel . | . . . Hover 2 | . . 2 Flight . | . . . Utility 8 | 2 4 2 Device 4 | 1 2 1 Storage 3 | 1 2 . Processor . | . . . Hackware . | . . . Protection 1 | . . 1 Artifact . | . . . Weapon 13 | 3 8 2 Energy Gun 5 | 2 3 . Energy Cannon 1 | . 1 . Ballistic Gun 4 | 1 3 . Ballistic Cannon . | . . . Launcher 2 | . . 2 Special Weapon . | . . . Impact Weapon . | . . . Slashing Weapon . | . . . Piercing Weapon . | . . . Special Melee Weapon 1 | . 1 . Unidentified Prototypes . | . . . Parts Lost 5 | . 1 4 Power 1 | . . 1 Propulsion 3 | . 1 2 Utility . | . . . Weapon 1 | . . 1 Highest Loss Streak 4 | . 1 4 To Critical Strikes . | . . . Average Slot Usage (%) 99 | . 98 99 Engine 13 | . 13 13 Leg 27 | . 27 27 Device 10 | . 13 3 Storage 14 | . 14 14 Protection 2 | . . 10 Energy Gun 10 | . 14 . Energy Cannon 9 | . 7 13 Ballistic Gun 6 | . 4 14 Special Melee Weapon 1 | . 1 . Naked Turns . | . . . Heaviest Build 30 | 15 30 30 Greatest Support 25 | 20 20 25 Greatest Overweight (x) 3 | 3 2 2 Average Overweight (x) . | . . 1 Largest Inventory Capacity 15 | 8 15 15 Average Capacity 12 | 7 12 15 Most Carried 15 | 7 15 15 Average Carried 12 | 5 11 14 Final Capacity 15 | 8 15 15 Final Carried 15 | 7 15 13 Class Distribution -------------------- 62% | Scavenger-Mutant 37% | Mutant Dominant Class ---------------- Scavenger-Mutant | -10/Materials Scavenger-Mutant | -10/Mines Resources | -11 -10 -10 ----------- Run | Jun Mat Min Matter Collected 575 | 293 204 78 Remotely . | . . . Salvage Created 794 | 98 621 75 Parts 51 | 5 42 4 Haulers Intercepted 2 | . 2 . Recyclers Shooed 1 | 1 . . Parts Field Recycled . | . . . Retrieved Matter . | . . . Parts Self-Destructed . | . . . Prevented . | . . . Kills | -11 -10 -10 ------- Run | Jun Mat Min Combat Hostiles Destroyed 15 | . 13 2 Guns 9 | . 9 . Cannons 5 | . 3 2 Classes Destroyed 7 | 2 5 . Tunneler 1 | 1 . . Hauler 2 | . 2 . Recycler 1 | 1 . . Operator 1 | . 1 . Watcher 3 | . 3 . Swarmer 5 | . 5 . Grunt 10 | . 8 2 Best Kill Streak 3 | 1 3 1 Combat Bots Only 3 | . 3 1 Max Kills in Single Turn 2 | 1 2 1 Gunslinging 1 | . 1 . Exploded . | . . . Melee . | . . . Uniques/NPCs Destroyed . | . . . Combat | -11 -10 -10 -------- Run | Jun Mat Min Damage Taken 1183 | . 605 578 Core 261 | . 99 162 Absorbed by Shields . | . . . Redirected to Shielding 35 | . . 35 Regen/Repaired (Parts) 10 | . 10 . Core Remaining (%) 100 | 100 . . Volleys Fired 100 | 23 69 8 Largest 2 | 1 2 2 Hottest 100 | 20 100 80 Shots Fired 176 | 23 137 16 Gun 154 | 23 123 8 Cannon 20 | . 14 6 Launcher 2 | . . 2 Special . | . . . Kinetic 70 | 23 39 8 Thermal 56 | . 50 6 Explosive 2 | . . 2 Electromagnetic 48 | . 48 . Robot Hit Streak 14 | 5 13 14 Robot Miss Streak 5 | 4 5 2 Penetration Max . | . . . Secondary Targets 1 | . 1 . Max Gunslinging Chain 1 | . 1 . Shots Hit Robots 102 | 13 80 9 Core Hits 41 | 7 29 5 Critical Kills . | . . . Critical Parts Destroyed . | . . . Critical Strikes . | . . . Melee Attacks 3 | . 3 . Impact . | . . . Slashing . | . . . Piercing . | . . . Sneak Attacks 3 | . 3 . Combat Hostiles . | . . . Follow-up Attacks . | . . . Damage Inflicted 1245 | 119 969 157 Guns 903 | 119 755 29 Cannons 306 | . 214 92 Explosions 36 | . . 36 Melee . | . . . Ramming . | . . . Kinetic 331 | 119 183 29 Thermal 526 | . 434 92 Explosive 36 | . . 36 Electromagnetic 352 | . 352 . Impact . | . . . Slashing . | . . . Piercing . | . . . Highest Corruption 1 | . 1 1 Average Corruption 1 | . 1 1 Corruption Purged . | . . . Corruption Blocked . | . . . Effects 8 | . 1 7 Message Errors 6 | . 1 5 Matter Fused 2 | . . 2 Overload Shots . | . . . Overflow Damage . | . . . Projectiles . | . . . Explosions . | . . . Melee . | . . . Knockbacks . | . . . Impact . | . . . Kinetic . | . . . Secondary . | . . . Self-Inflicted Damage . | . . . Shots . | . . . Rammed . | . . . Targets Rammed . | . . . Kicked . | . . . Crushed . | . . . Highest Temperature 242 | . 242 138 Average Temperature 59 | . 60 55 Received Heat Transfer 252 | . 222 30 Effects 3 | . 3 . Interference 3 | . 3 . Siege Activations . | . . . Robots Corrupted 1 | . 1 . Combat Hostiles 1 | . 1 . Parts Fried 1 | . 1 . Impact Corruptions . | . . . Robots Melted . | . . . Combat Hostiles . | . . . Parts Melted 2 | . 2 . Heat Transferred 1129 | . 944 185 Parts Sabotaged . | . . . Parts Stolen . | . . . Parts Stripped . | . . . Power Chain Reactions . | . . . Missiles Intercepted . | . . . Alert | -11 -10 -10 ------- Run | Jun Mat Min Peak Influence 172 | 10 172 63 Initial 31 | . 6 31 Average 40 | 4 46 34 Maximum Alert Level . | . . . Low Security (%) 100 | 100 100 100 Level 1 . | . . . Level 2 . | . . . Level 3 . | . . . Level 4 . | . . . Level 5 . | . . . High Security . | . . . Max Security . | . . . Squads Dispatched 2 | . 2 . Investigation 2 | . 2 . Extermination . | . . . Reinforcement . | . . . Assault . | . . . Garrison . | . . . Intercept . | . . . Searches Triggered . | . . . Construction Impeded . | . . . Haulers Reinforced . | . . . Active Scanning Responses . | . . . Cargo Convoy Interrupts . | . . . Stealth | -11 -10 -10 --------- Run | Jun Mat Min Distress Signals . | . . . Communications Jammed . | . . . Distress Signals . | . . . Times Spotted 33 | . 24 9 Peak Tracking Total 12 | . 4 12 Tactical Retreats . | . . . Traps | -11 -10 -10 ------- Run | Jun Mat Min Traps Triggered 2 | . 2 . Indirectly . | . . . Trap Hack Attempts . | . . . Triggered . | . . . Disarmed 6 | . 6 . Reprogrammed . | . . . Reused . | . . . Traps Extracted . | . . . Installed . | . . . Triggered . | . . . Machines | -11 -10 -10 ---------- Run | Jun Mat Min Machines Disabled 1 | . . 1 Max in Single Turn 1 | . . 1 Machines Repaired . | . . . Machines Sabotaged . | . . . Overloaded Fab Kills . | . . . Hacking | -11 -10 -10 --------- Run | Jun Mat Min Machines Accessed 11 | . 11 . Terminals 8 | . 8 . Fabricators . | . . . Repair Stations 1 | . 1 . Recycling Units 2 | . 2 . Scanalyzers . | . . . Garrison Access . | . . . Total Hacks 33 | . 33 . Successful 16 | . 16 . Failed 16 | . 16 . Catastrophic 1 | . 1 . Database Lockouts 1 | . 1 . Manual 8 | . 8 . Terminals 25 | . 25 . Fabricators . | . . . Repair Stations 4 | . 4 . Recycling Units 4 | . 4 . Scanalyzers . | . . . Garrison Access . | . . . Terminal Hacks 11 | . 11 . Part Schematic 1 | . 1 . Robot Analysis 1 | . 1 . Terminal Index 1 | . 1 . Alert Level 1 | . 1 . Unreport Threat 2 | . 2 . Disarm Traps 1 | . 1 . Maintenance Status 1 | . 1 . Transport Status 2 | . 2 . Hauler Manifests 1 | . 1 . Fabricator Hacks . | . . . Repair Station Hacks 2 | . 2 . Scan Component 1 | . 1 . Repair 1 | . 1 . Recycling Unit Hacks 3 | . 3 . Retrieve Matter 1 | . 1 . Retrieve Components 2 | . 2 . Scanalyzer . | . . . Garrison Access Hacks . | . . . Unauthorized Hacks . | . . . Terminals . | . . . Fabricators . | . . . Repair Stations . | . . . Recycling Units . | . . . Scanalyzers . | . . . Garrison Access . | . . . Data Cores Recovered 1 | . 1 . Used 1 | . 1 . Hacking Detections 9 | . 9 . Full Trace Events 2 | . 2 . Feedback Events 1 | . 1 . Corruption 1 | . 1 . Feedback Blocked . | . . . Robot Schematics Acquired . | . . . Robots Built . | . . . Authchips . | . . . Time . | . . . Total Robot Build Rating . | . . . Part Schematics Acquired 1 | . 1 . Parts Built . | . . . Authchips . | . . . Time . | . . . Total Part Build Rating . | . . . Parts Repaired 1 | . 1 . Time 26 | . 26 . Parts Recycled . | . . . Recycled Matter . | . . . Retrieved Matter . | . . . Retrieved Components 9 | . 9 . Parts Scanalyzed . | . . . Part Schematics Acquired . | . . . Parts Damaged . | . . . Bothacking | -11 -10 -10 ------------ Run | Jun Mat Min Used RIF Installer . | . . . Robots Hacked 2 | . 2 . Non-combat 2 | . 2 . Combat . | . . . Robot Hacks Applied 2 | . 2 . parse_system 1 | . 1 . no_distress 1 | . 1 . Relay Couplers Released . | . . . Fabnet Peak Effective % . | . . . Robots Rewired . | . . . Allies Hacked . | . . . Hacks Repelled . | . . . Allies | -11 -10 -10 -------- Run | Jun Mat Min Total Allies 1 | . . 1 Largest Group 1 | . . 1 Highest-Rated Group 31 | . . 31 Highest-Rated Ally 31 | . . 31 Total Orders . | . . . Ally Attacks 7 | . . 7 Total Damage 153 | . . 153 Kills 1 | . . 1 Allies Corrupted . | . . . Allies Melted . | . . . Intel | -11 -10 -10 ------- Run | Jun Mat Min Robot Analysis Total 1 | . 1 . Derelict Logs Recovered 1 | . . 1 Drone Launches . | . . . Drone Recoveries . | . . . Exploration | -11 -10 -10 ------------- Run | Jun Mat Min Turns Passed 2742 | 209 1849 684 Spaces Moved 1423 | 126 967 330 Core 5 | 5 . . Treads . | . . . Legs 1415 | 121 967 327 Wheels . | . . . Hover 3 | . . 3 Flight . | . . . Fastest Speed 50 | 50 120 116 Average Speed 161 | 118 156 189 Slowest Speed 260 | 200 260 260 Overloaded Moves . | . . . Propulsion Burnouts . | . . . Robots Hopped . | . . . Cave-ins Triggered . | . . . Exploration Rate (%) 57 | 8 97 67 Regions Visited 2 Branch Regions 1 Pre-discovered Areas . | . . . Known Exits Taken . | . . . Unknown Exits Taken 2 | 1 1 . Scrap Searched 1 | . . 1 Spaces Dug . | . . . Terrain Destroyed 13 | . . 13 Melee . | . . . Projectile . | . . . AOE 13 | . . 13 Terrain Rammed . | . . . Walls Destroyed . | . . . Machines Disabled . | . . . Actions | -11 -10 -10 --------- Run | Jun Mat Min Total 1712 | 163 1175 374 Wait 91 | . 69 22 Move 1421 | 125 966 330 Hop . | . . . Pick Up 31 | 7 23 1 Fast Attach 21 | 7 11 3 Attach 6 | . 3 3 Detach 2 | . 1 1 Swap 7 | 1 4 2 Drop 30 | . 26 4 Fire 100 | 23 69 8 Melee 3 | . 3 . Ram . | . . . Kick . | . . . Crush . | . . . Escape Stasis . | . . . Rewire . | . . . Trap . | . . . Miscellaneous . | . . . Route ------- -11/Junkyard -10/Materials (discovered 4 exits: [*Mat x3] / [*Min]) -10/Mines (discovered 1 exit: [*Mat]) History --------- Turn | Location | Event 18 | -11/Junkyard | Discovered new exit (range 16) 210 | -11/Junkyard | Entered Materials 312 | -10/Materials | Build established: Mutant 474 | -10/Materials | Discovered new exit (range 7) 531 | -10/Materials | Repaired Seismic Detector 730 | -10/Materials | Discovered new exit (range 16) 858 | -10/Materials | Discovered new exit (range 6) 1062 | -10/Materials | Build established: Scavenger-Mutant 1173 | -10/Materials | Central database locked down 1633 | -10/Materials | Discovered new exit (range 15) 2059 | -10/Materials | Entered Mines 2062 | -10/Mines | Received a Mining Laser from a helpful Derelict 2522 | -10/Mines | Discovered new exit (range 15) 2674 | -10/Mines | Learned 2 Materials zone layouts 2711 | -10/Mines | Assembled infested the area 2716 | -10/Mines | Assisted by a Guerilla fighting off Assembled 2733 | -10/Mines | Core integrity fell below 50% 2740 | -10/Mines | Core integrity fell below 20% 2743 | -10/Mines | Destroyed by D-53 Grenadier with Mini Grenade Launcher Last Messages --------------- 02678_ DEWSAN>JLLGD4UZ=>LKR=KN2DEXCR5VK5&S3= 02711_ ALERT: Infestation in the mines, dispatching Demolisher response squad. 02714_ NW-Q0F(h): "I'll hold them off! Go on ahead or try to find another way!" 02715_ HV Slug penetrates Wall. 02716_ A derelict emerges from the shadows: "You need to get out of here! I've been tracking a group of Assembled to figure out where they're coming from, and they're closing on this area, come on!" 02720_ C-30 ARC bursts open, deploying its payload. 02720_ D-53 Grenadier unfolds itself. 02721_ Laser Drill disabled. 02725_ NW-Q0F(h) destroyed. 02728_ as-16272 destroyed. 02729_ as-12499 destroyed. 02730_ Mni. Grenade Launcher destroyed. 02737_ Aluminum Leg destroyed. 02737_ Ion Engine destroyed. 02739_ The unstable cave ceiling collapses. 02743_ Hover Unit destroyed. Map ----- +----------------------------------------------------+ | ?????????????????????????## | | ?????????????????????????# | | ?????????????????????????# | | ?????????????????????????+ < | | ?????????????????????????+ | | ?????????????????????????# | | ????????????????????????## ## | | ????????????????????????# ## | | ????????????????????????# ### # | | ???????????????????????## ##?## # | | ??????????????????????## ##??## ## | | ????????????#### ##### ##??# #? | | ????? = #??# ##? | | ????????????#########%# #??## #?? | | ????????????????????#*## ##???## ### | | ????????????????????# ######?????# ## | | ???????????????###### #?????????## | | ???????????????# #?????????# | | ???????????##### ######?????????# | | ???????????# #??????????????## | | ???????????# ########????????????## ### | | ???????????#u### ##????????????# #?? | | ???????????# ####?????????# ### | | ???????????# ##????????# | | ???????????## #????????# ### | | ????????????# @ #????????# #?? | | ????????????# # #???????? #?# | | ???????????# #???????? #?# | | ????????##?# #??????? #?# | | ????## # #?????? #??# | | ???# #?????? #???? | | ???? % ##?????? ????? | | ???? #????????????? | | ????# "" ### d #####????????????? | | ????## """ ??## d ????????????????? | | ???????""" ???# # ???????????????? | | ???????? ???# ???????????????? | | ???????? #???# ??????????????? | | ???????? #????? % ?????????????? | | ??????????????# = #?????????????? | | ??????????????# #????????????? | | ??????????????# # % #???????????? | | ??????????????# ### ??????????? | | ??????????????# ???# ?????????? | | ??????????????# ????# ### ????????? | | ?????????????? ?????###??# ?????????? | | ??????????????# ????????????#?????????? | | ??????????????# ??????????????????????? | | ?????????????? ??????????????????????? | | ?????????????? ???????????????????????? | +----------------------------------------------------+ Best States ------------- Heat Dissipation 35 Energy Generation 10 Energy Capacity 250 Matter Stores 300 Matter Capacity 300 Sight Range 16 Terrain Scan Density 10 Core Shielding 20 Evasion (%) 55 Item Schematics ----------------- Propulsion Shielding | -10/Materials | Hacked Robot Schematics ------------------ None Fabricated ------------ Nothing Alien Tech Used ----------------- None Achievements -------------- Dynamic Key Challenges ------------ None Game ------ Seed InsulatedGodMegatreads Manual? 0 Play Time 00:25:29 Cumulative 15.3 hours Start 2024.01.17 @ 12:01:47 End 2024.01.17 @ 12:27:39 Sessions 1 Manual Loads 0 Difficulty Rogue Special Mode None Game No. 11 Rogue 11 Adventurer 0 Explorer 0 Win Type - Total 0 Types 0/0/0/0/0/0/0/0/0 Lore% 17 Gallery% 21 Achievement% 17 Wizard Run 0 Options --------- ASCII 0 Keyboard 1 Movement Numpad Keybinds 0 Fullscreen 1 Font 18/SmallcapsGlow Map View 76x50 Tactical HUD 1 Map Filters NONE Filters NONE Steam 1 RUN: f30a852e-a634-49c3-9993-b8b95e9cbcf3